[Event "Titled Tuesday Blitz June 1 2021"]
[White "Nevednichy, Vladislav"]
[Black "Triapishko, Alexandr"]
[WhiteFideId "1205730"]
[BlackFideId "14122286"]
[WhiteElo "2366"]
[BlackElo "2490"]
[Result "0-1"]
[Round "08"]
[TimeControl "180+1"]
[Date "2021.06.01"]
[WhiteClock "0:00:31"]
[BlackClock "0:00:20"]

1. e4 g6 2. d4 Bg7 3. Nf3 d6 4. c3 Nc6 5. Bd3 e5 6. d5 Nce7 7. O-O h6 8. c4 f5 9. exf5 gxf5 10. Nh4 Nf6 11. Nc3 O-O 12. f4 e4 13. Be2 c6 14. Be3 cxd5 15. cxd5 Bd7 16. Qd2 Be8 17. Bd4 Bf7 18. Rad1 Nfxd5 19. Bxg7 Kxg7 20. Nxd5 Bxd5 21. Qd4+ Kh7 22. Bc4 Bxc4 23. Qxc4 d5 24. Qb3 Qb6+ 25. Rf2 Qxb3 26. axb3 Rac8 27. Rfd2 Rc5 28. b4 Rb5 29. Rd4 Rc8 30. h3 Rc2 31. g4 fxg4 32. hxg4 Kg7 33. Nf5+ Nxf5 34. gxf5 Rxb2 35. Rxd5 Rxd5 36. Rxd5 Kf6 37. b5 b6 38. Re5 h5 39. Rxe4 Rxb5 40. Kg2 Rb3 41. Re5 h4 42. Re8 Kxf5 43. Rf8+ Kg4 44. f5 Rb2+ 45. Kg1 h3 46. f6 Kg5 47. Ra8 Kxf6 48. Rxa7 b5 49. Rh7 Rb3 50. Kf2 Ke5 51. Ke2 Kd4 52. Kd2 Rb2+ 53. Kd1 h2 54. Rh4+ Ke3 55. Kc1 Rg2 56. Rh3+ Kf2 0-1


[Site "https://www.chess.com"]

[Event "Titled Tuesday Blitz June 1 2021"]
[White "Nguyen, Van Huy"]
[Black "Quparadze, Giga"]
[WhiteFideId "12401064"]
[BlackFideId "13602250"]
[WhiteElo "2443"]
[BlackElo "2658"]
[Result "0-1"]
[Round "08"]
[TimeControl "180+1"]
[Date "2021.06.01"]
[WhiteClock "0:00:11"]
[BlackClock "0:00:55"]

1. d4 Nf6 2. c4 e6 3. Nf3 b6 4. g3 Ba6 5. Qa4 Bb7 6. Bg2 c5 7. dxc5 Bxc5 8. O-O O-O 9. Nc3 Na6 10. Bf4 Be7 11. Rfd1 Nc5 12. Qc2 Qc8 13. Rd4 d5 14. cxd5 Nxd5 15. Nxd5 Bxd5 16. Bg5 f6 17. Be3 Ne4 18. Qxc8 Raxc8 19. Nd2 f5 20. Nxe4 fxe4 21. Bxe4 Bc5 22. Bxd5 exd5 23. Rd2 Bxe3 24. fxe3 Rce8 25. Rf1 Rxe3 26. Rxf8+ Kxf8 27. Kf2 Re5 28. Rc2 Re7 29. Rc8+ Kf7 30. Rc6 Re6 31. Rc7+ Re7 32. Rc6 Rd7 33. Ke3 Re7+ 34. Kd3 Ke8 35. Rd6 Re5 36. e3 Ke7 37. Rc6 Kd7 38. Rc2 Rf5 39. Kd4 Kd6 40. b4 Rf1 41. Kd3 Rd1+ 42. Ke2 Rb1 43. a3 Rb3 44. Ra2 Ke5 45. Kf2 Ke4 46. Rd2 Rxa3 47. Rd4+ Ke5 48. Rf4 Ra2+ 49. Kf3 Ke6 50. h4 Rc2 51. Rf8 Rc7 52. Ra8 Rf7+ 53. Ke2 Kd6 54. Kd3 Kc6 55. Rd8 Re7 56. h5 Re5 57. g4 Rg5 58. Ra8 Kb7 59. Rd8 Rxg4 60. Rxd5 Kc6 61. e4 Rg1 62. b5+ Kc7 63. Rf5 Kd6 64. Rf7 Kc5 65. Rxa7 Kxb5 66. Kd4 Kc6 67. Ke5 b5 68. Ke6 b4 69. e5 b3 70. Ra6+ Kc5 71. Ra8 b2 72. Rb8 b1=Q 73. Rxb1 Rxb1 74. Kf7 Rb7+ 75. Kg8 Kd5 76. Kxh7 Kxe5 0-1


[Site "https://www.chess.com"]

[Event "Titled Tuesday Blitz June 1 2021"]
[White "NovakCabarkapa"]
[Black "Herrera Reyes, Jose Antonio"]
[BlackFideId "2274914"]
[WhiteElo "2795"]
[BlackElo "2370"]
[Result "1-0"]
[Round "08"]
[TimeControl "180+1"]
[Date "2021.06.01"]
[WhiteClock "0:00:05"]
[BlackClock "0:00:02"]

1. h4 Nc6 2. h5 e5 3. c3 d5 4. d4 exd4 5. cxd4 Nf6 6. h6 g6 7. Nc3 Bb4 8. a3 Ba5 9. b4 Bb6 10. Nf3 Ne4 11. Na4 O-O 12. Bf4 Qf6 13. Nxb6 axb6 14. Bxc7 g5 15. e3 g4 16. Bf4 Re8 17. Ne5 Nxe5 18. dxe5 Rxe5 19. Qd4 Re8 20. Qxf6 Nxf6 21. Bb5 Bd7 22. Bxd7 Nxd7 23. Rh5 f6 24. Rxd5 Re7 25. Rad1 Nf8 26. Rd8 Re8 27. Rxe8 Rxe8 28. Rd6 Re6 29. Rd8 Kf7 30. Rb8 Rc6 31. Rxb7+ Ke6 32. Bc7 Rc1+ 33. Kd2 Ra1 34. Rxb6+ Kf5 35. Ra6 Ra2+ 36. Kd3 Rxf2 37. Bd8 Kg6 38. a4 Kxh6 39. Rxf6+ Rxf6 40. Bxf6 Kg6 41. Be5 Nd7 42. Bd4 h5 43. a5 h4 44. e4 h3 45. gxh3 gxh3 46. Bg1 Kf6 47. a6 Ne5+ 48. Ke2 Nc6 49. b5 Nd4+ 50. Bxd4+ Ke6 51. Kf3 h2 52. Kg2 1-0


[Site "https://www.chess.com"]

[Event "Titled Tuesday Blitz June 1 2021"]
[White "Perez Ponsa, Federico"]
[Black "Bluebaum, Matthias"]
[WhiteFideId "117927"]
[BlackFideId "24651516"]
[WhiteElo "2672"]
[BlackElo "2685"]
[Result "1-0"]
[Round "08"]
[TimeControl "180+1"]
[Date "2021.06.01"]
[WhiteClock "0:00:03"]
[BlackClock "0:00:27"]

1. e4 c6 2. d4 d5 3. exd5 cxd5 4. Bd3 Nc6 5. c3 Qc7 6. Ne2 Bg4 7. O-O e6 8. Qe1 g6 9. Ng3 Be7 10. f3 Bf5 11. Nxf5 gxf5 12. Qg3 Qxg3 13. hxg3 Nf6 14. Kf2 Rg8 15. Rh1 Rc8 16. Bf4 Kd7 17. Nd2 Bd6 18. Rh6 Rg6 19. Rah1 Rcg8 20. Rxg6 hxg6 21. Bg5 Be7 22. Bxf6 Bxf6 23. f4 Ne7 24. Nf3 Nc8 25. Rh7 Nd6 26. Ne5+ Ke8 27. Kf3 g5 28. g4 gxf4 29. gxf5 Rg3+ 30. Kxf4 Rxg2 31. fxe6 Bg7 32. exf7+ Nxf7 33. Nxf7 Kxf7 34. Rh5 Ke6 35. Rxd5 Rxb2 36. Bc4 Ke7 37. Rf5 Bf6 38. Ke4 a6 39. Rf3 b5 40. Bb3 a5 41. Rf5 a4 42. Rxb5 axb3 43. axb3 Bh4 44. Kd3 Kd7 45. Rh5 Be7 46. Rd5+ Kc6 47. Re5 Bd6 48. Re2 Rxb3 49. Kc4 Ra3 50. Kd3 Kd5 51. Rc2 Bb4 52. Kd2 Ba5 53. Kd3 Rb3 54. Rc1 Ra3 55. Rc2 Bd8 56. Rh2 Ba5 57. Rh5+ Kc6 58. Rc5+ Kd6 59. Rc4 Ra1 60. Kc2 Rg1 61. Rc5 Bb6 62. Rb5 Kc6 63. Rf5 Rg3 64. Rf6+ Kb5 65. Rf8 Ba5 66. Rc8 Kb6 67. d5 Kb7 68. Rc6 Bb6 69. c4 Rg5 70. Kd3 Rg4 71. Kc3 Ba5+ 72. Kb3 Rg3+ 73. Ka4 Bc7 74. Kb4 Rd3 75. Re6 Rd1 76. Re7 Kc8 77. Rf7 Kb7 78. Kc5 Rd2 79. Rd7 Rd3 80. d6 1-0


[Site "https://www.chess.com"]

[Event "Titled Tuesday Blitz June 1 2021"]
[White "Rychagov, Andrey"]
[Black "Paravyan, David"]
[WhiteFideId "4119932"]
[BlackFideId "4194985"]
[WhiteElo "2527"]
[BlackElo "2562"]
[Result "0-1"]
[Round "08"]
[TimeControl "180+1"]
[Date "2021.06.01"]
[WhiteClock "0:00:34"]
[BlackClock "0:01:24"]

1. d4 d5 2. c4 e6 3. Nf3 Nf6 4. Nc3 a6 5. cxd5 exd5 6. Bg5 Be6 7. e3 h6 8. Bh4 Bd6 9. Bd3 Nbd7 10. Bg3 Bxg3 11. hxg3 c6 12. Qc2 Qe7 13. O-O-O O-O 14. Kb1 Rac8 15. Na4 c5 16. dxc5 b5 17. Nc3 Nxc5 18. Qd2 b4 19. Ne2 Nfe4 20. Bxe4 Nxe4 21. Qe1 Bf5 22. Ka1 b3 23. Nfd4 Bg6 24. Nxb3 a5 25. f3 a4 26. Nbd4 Nc5 27. Nc3 Nb3+ 28. Nxb3 axb3 29. Rxd5 bxa2 30. e4 f6 31. Qd2 Bf7 32. Rd7 Rfd8 33. Rd1 Rxd7 34. Qxd7 Qc5 35. Qd4 Qg5 36. g4 Kh7 37. Qa7 Bb3 38. Rd7 Qc1+ 0-1


[Site "https://www.chess.com"]

[Event "Titled Tuesday Blitz June 1 2021"]
[White "Sadhwani, Raunak"]
[Black "Kosteniuk, Alexandra"]
[WhiteFideId "35093487"]
[BlackFideId "4128125"]
[WhiteElo "2514"]
[BlackElo "2521"]
[Result "1-0"]
[Round "08"]
[TimeControl "180+1"]
[Date "2021.06.01"]
[WhiteClock "0:01:05"]
[BlackClock "0:00:15"]

1. d4 Nf6 2. Nf3 b6 3. Bf4 Bb7 4. Nc3 e6 5. e3 Be7 6. Bd3 Nh5 7. Bg3 d6 8. Ne2 Nd7 9. Nf4 Nxg3 10. hxg3 Nf6 11. c3 Qd7 12. Qc2 O-O-O 13. a4 Ng4 14. a5 Kb8 15. axb6 cxb6 16. Be4 g6 17. Bxb7 Qxb7 18. Ra4 e5 19. Ne2 f5 20. O-O Rd7 21. Rfa1 Rc8 22. Qb3 Bd8 23. c4 h5 24. Nc3 f4 25. gxf4 exf4 26. exf4 Nf6 27. d5 a5 28. Nd4 h4 29. Nc6+ Ka8 30. Nb5 Rxc6 31. dxc6 Qxc6 32. Qh3 Ne4 33. Qf3 Kb7 34. Nd4 1-0


[Site "https://www.chess.com"]

[Event "Titled Tuesday Blitz June 1 2021"]
[White "Siva Mahadevan"]
[Black "Nguyen, Ngoc Truong Son"]
[WhiteFideId "25043153"]
[BlackFideId "12401110"]
[WhiteElo "2203"]
[BlackElo "2596"]
[Result "0-1"]
[Round "08"]
[TimeControl "180+1"]
[Date "2021.06.01"]
[WhiteClock "0:00:16"]
[BlackClock "0:00:06"]

1. e4 c5 2. Nf3 Nc6 3. Nc3 e6 4. d4 cxd4 5. Nxd4 a6 6. Be2 Qc7 7. O-O Nf6 8. Be3 Be7 9. f4 d6 10. Kh1 O-O 11. Qe1 Nxd4 12. Bxd4 b5 13. Qg3 Bb7 14. a3 Rfd8 15. Rae1 Bc6 16. Bd3 Qb7 17. Qh3 g6 18. f5 e5 19. Be3 Nxe4 20. Bxe4 Bxe4 21. Nxe4 Qxe4 22. f6 Bf8 23. Bh6 Qc4 24. Bxf8 Kxf8 25. Qxh7 Ke8 26. Rd1 Kd7 27. Rfe1 Rh8 28. Qg7 Rag8 29. b3 Qe6 30. Rxe5 Qxe5 31. Qxf7+ Kc6 32. h3 Rf8 33. Qa7 Ra8 34. Qf7 Rhf8 35. Qxg6 Rxf6 36. Qd3 Raf8 37. c4 Kd7 38. cxb5 axb5 39. a4 bxa4 40. bxa4 Rf2 41. a5 Qf5 42. Qxd6+ Ke8 43. Re1+ Kf7 44. Re7+ Kg8 45. Qc7 Rf1+ 46. Kh2 Qf4+ 47. Qxf4 R1xf4 48. a6 Ra4 49. Re6 Ra8 50. g4 R8xa6 51. Re8+ Kf7 52. Re5 Ra2+ 53. Kg3 R6a3+ 54. Kh4 Rh2 55. Rf5+ Kg6 56. Rg5+ Kf6 57. Rf5+ Ke6 58. Kg5 Rhxh3 59. Kg6 Rh8 60. Rf6+ Ke5 61. g5 Rg8+ 62. Kh5 Rh3+ 63. Kg4 Rg3+ 0-1


[Site "https://www.chess.com"]

[Event "Titled Tuesday Blitz June 1 2021"]
[White "Sumets, Andrey"]
[Black "Cunjalo, Faris"]
[WhiteFideId "14105500"]
[BlackFideId "14410710"]
[WhiteElo "2619"]
[BlackElo "2234"]
[Result "0-1"]
[Round "08"]
[TimeControl "180+1"]
[Date "2021.06.01"]
[WhiteClock "0:00:01"]
[BlackClock "0:00:09"]

1. d4 f5 2. g3 Nf6 3. Bg2 g6 4. c4 Bg7 5. Nh3 d6 6. d5 O-O 7. O-O Na6 8. Nc3 Nc5 9. Be3 Ng4 10. Bd4 Bh6 11. Nf4 e5 12. dxe6 Bxf4 13. Bxc5 dxc5 14. Qxd8 Rxd8 15. gxf4 Bxe6 16. Bxb7 Rab8 17. Bd5 Bxd5 18. Nxd5 Rxb2 19. h3 Nh6 20. e3 Nf7 21. Rfb1 Rdb8 22. Rxb2 Rxb2 23. Nxc7 Nd6 24. Ne6 Ne4 25. Rd1 Rxa2 26. Rd7 Nxf2 27. h4 Ng4 28. Rg7+ Kh8 29. Re7 Kg8 30. Rg7+ Kh8 31. Re7 h6 32. Re8+ Kh7 33. Re7+ Kg8 34. Rg7+ Kh8 35. Rxg6 Ra6 36. h5 Rd6 37. e4 fxe4 38. f5 Ne5 39. Rxh6+ Kg8 0-1


[Site "https://www.chess.com"]

[Event "Titled Tuesday Blitz June 1 2021"]
[White "Sychev, Klementy"]
[Black "Sonis, Francesco"]
[WhiteFideId "4114060"]
[BlackFideId "895733"]
[WhiteElo "2615"]
[BlackElo "2373"]
[Result "1-0"]
[Round "08"]
[TimeControl "180+1"]
[Date "2021.06.01"]
[WhiteClock "0:00:28"]
[BlackClock "0:01:44"]

1. e4 Nf6 2. e5 Nd5 3. d4 d6 4. c4 Nb6 5. exd6 cxd6 6. Nc3 g6 7. Be3 Bg7 8. Rc1 Nc6 9. b3 d5 10. c5 O-O 11. cxb6 e5 12. Nge2 exd4 13. Nxd4 Bxd4 14. Bxd4 Qh4 15. Bc5 Re8+ 16. Be2 axb6 17. Bxb6 d4 18. O-O dxc3 19. Rxc3 Qb4 20. Re3 Rxe3 21. Bxe3 Rxa2 22. Bc4 Qe7 23. Re1 h5 24. Qb1 Ra8 25. Qxg6+ Kh8 26. Bd4+ Nxd4 27. Qxh5+ Kg7 28. Rxe7 Ra1+ 29. Bf1 Be6 30. Qe5+ 1-0


[Site "https://www.chess.com"]

[Event "Titled Tuesday Blitz June 1 2021"]
[White "Visakh N R"]
[Black "Timmermans, Mark"]
[WhiteFideId "25012223"]
[BlackFideId "1026399"]
[WhiteElo "2428"]
[BlackElo "2460"]
[Result "1/2-1/2"]
[Round "08"]
[TimeControl "180+1"]
[Date "2021.06.01"]
[WhiteClock "0:00:24"]
[BlackClock "0:00:34"]

1. e4 e5 2. Nf3 Nc6 3. Bb5 f5 4. d3 fxe4 5. dxe4 Nf6 6. O-O d6 7. Nc3 Be7 8. Nd5 O-O 9. Nxe7+ Qxe7 10. Bg5 h6 11. Bxf6 Qxf6 12. Bxc6 bxc6 13. Qd3 c5 14. Nd2 Be6 15. Nc4 Rab8 16. b3 Bxc4 17. Qxc4+ Qf7 18. Qxf7+ Kxf7 19. Rfd1 Ke6 20. Rd3 Rb4 21. Re1 g5 22. Rh3 Rf6 23. Kf1 a5 24. Ree3 Kf7 25. a3 Rb8 26. Ref3 Rxf3 27. Rxf3+ Kg7 28. Ke2 a4 29. Kd2 Ra8 30. Kc1 axb3 31. Rxb3 Kf6 32. Kb2 h5 33. Rb7 Rc8 34. a4 Ke6 35. Ka3 Kd7 36. Rb3 Rf8 37. f3 g4 38. a5 Kc6 39. Ka4 gxf3 40. gxf3 Rg8 41. Rb1 Ra8 42. c3 Ra7 43. Rb8 Rb7 44. Rh8 Rb1 45. Rxh5 Ra1+ 46. Kb3 Rxa5 47. Rh8 Ra1 48. h4 Rf1 49. h5 Rxf3 50. h6 Rh3 51. h7 Rh4 52. c4 Rh3+ 53. Kc2 Kd7 54. Kd2 Rh2+ 55. Ke3 Rh3+ 56. Kf2 Rh2+ 57. Kg3 Rh1 1/2-1/2


[Site "https://www.chess.com"]

[Event "Titled Tuesday Blitz June 1 2021"]
[White "Zhigalko, Sergei"]
[Black "Rakotomaharo, Fy Antenaina"]
[WhiteFideId "13502956"]
[BlackFideId "13100050"]
[WhiteElo "2662"]
[BlackElo "2378"]
[Result "0-1"]
[Round "08"]
[TimeControl "180+1"]
[Date "2021.06.01"]
[WhiteClock "0:00:01"]
[BlackClock "0:00:04"]

1. e4 e5 2. Nf3 Nc6 3. Bc4 Bc5 4. b4 Bxb4 5. c3 Be7 6. d4 Na5 7. Bd3 d6 8. dxe5 dxe5 9. Nxe5 Nf6 10. Qc2 O-O 11. O-O c6 12. Nf3 h6 13. Bf4 Bg4 14. Nbd2 b5 15. h3 Bd7 16. c4 Nb7 17. e5 Ne8 18. Rfd1 Nc5 19. Bh7+ Kh8 20. Be3 f5 21. Bxc5 Bxc5 22. Nb3 Bb6 23. e6 Kxh7 24. exd7 Nf6 25. Qxf5+ g6 26. Qe6 bxc4 27. Qxc4 Qc7 28. Qe6 Rad8 29. Qe7+ Kg8 30. Qe6+ Kg7 31. Rac1 Rxd7 32. Rxd7+ Qxd7 33. Qxd7+ Nxd7 34. Rxc6 Re8 35. Kf1 Ne5 36. Nxe5 Rxe5 37. g3 h5 38. h4 Re4 39. Rc2 Ra4 40. Nd2 Rb4 41. Nf3 a5 42. Ng5 a4 43. Rc6 Rb2 44. Ne4 a3 45. Rc3 Rxa2 46. Rb3 Ra1+ 47. Kg2 Bd4 48. Rb7+ Kf8 49. Rb8+ Ke7 50. Ra8 Bb2 51. Nd2 Rc1 52. Nb3 Rc2 53. Kh3 Kd6 54. Kg2 Kd5 55. Kf3 Kc4 56. Na5+ Kc3 57. Nb7 Kd2 58. Na5 Kc1 59. Nb3+ Kb1 0-1


[Site "https://www.chess.com"]

[Event "Titled Tuesday Blitz June 1 2021"]
[White "Abdusattorov, Nodirbek"]
[Black "Ibrahimli, Murad"]
[WhiteFideId "14204118"]
[BlackFideId "13410229"]
[WhiteElo "2662"]
[BlackElo "2109"]
[Result "1-0"]
[Round "09"]
[TimeControl "180+1"]
[Date "2021.06.01"]
[WhiteClock "0:00:11"]
[BlackClock "0:00:05"]

1. c4 Nf6 2. g3 g6 3. Bg2 Bg7 4. Nc3 O-O 5. d4 d6 6. Nf3 Nbd7 7. O-O e5 8. e4 a6 9. b3 Rb8 10. dxe5 dxe5 11. Ba3 Re8 12. Qe2 b5 13. Nd5 c6 14. Nxf6+ Qxf6 15. Rad1 b4 16. Bc1 Bf8 17. Bh3 Nc5 18. Bg5 Qg7 19. Bxc8 Rbxc8 20. Qc2 f6 21. Be3 Red8 22. Kg2 Qf7 23. h4 h5 24. Ng1 Qe6 25. Ne2 a5 26. f3 Be7 27. Ng1 Ra8 28. Nh3 Rxd1 29. Rxd1 a4 30. Nf2 axb3 31. axb3 Ra3 32. Bxc5 Bxc5 33. Nd3 Be7 34. Rd2 Kf7 35. Qd1 Ra7 36. Qe2 Ke8 37. f4 Rd7 38. f5 Qf7 39. fxg6 Qxg6 40. Nf2 Ra7 41. Qf3 Ra3 42. Kh3 Bc5 43. Qd1 Bd4 44. Qf3 Ke7 45. Nd1 Qf7 46. Ne3 c5 47. Nd5+ Kf8 48. Nxf6 Qe6+ 49. Kg2 Ke7 50. Nd5+ Kd7 51. Qxh5 Rxb3 52. Qh7+ Kd8 53. Qh8+ Kd7 54. Qg7+ Kd8 55. h5 Rb1 56. Qf8+ Kd7 57. Qg7+ Kd8 58. Qg5+ Kd7 59. Qf5 Qxf5 60. exf5 Ke8 61. h6 Kf7 62. f6 Ra1 63. h7 Ra8 64. Kf3 Rh8 65. Ra2 Rxh7 66. Ke4 Kg6 67. Ra6 b3 68. Ne7+ Kg5 69. Rb6 b2 70. Nd5 Rf7 71. Rb8 Kg4 72. Rg8+ Kh3 73. Rb8 Kg4 74. Rb3 Kg5 75. Rb6 Kg4 76. Rb8 Kh3 77. Kf5 Kxg3 78. Ke6 Rf8 79. Rxf8 b1=Q 80. Rg8+ Kf3 81. f7 Qb7 82. f8=Q+ Ke2 83. Rg2+ Kd3 84. Qf3+ Kxc4 85. Ne3+ Kd3 86. Qxb7 e4 87. Qd5 Kxe3 88. Rg4 Kf3 89. Qxe4+ Kf2 90. Rg2+ Kf1 91. Qe2# 1-0


[Site "https://www.chess.com"]

[Event "Titled Tuesday Blitz June 1 2021"]
[White "Alavi, Sayed Javad"]
[Black "Iniyan, P"]
[WhiteFideId "12500607"]
[BlackFideId "25002767"]
[WhiteElo "2495"]
[BlackElo "2400"]
[Result "1-0"]
[Round "09"]
[TimeControl "180+1"]
[Date "2021.06.01"]
[WhiteClock "0:00:07"]
[BlackClock "0:00:10"]

1. e4 c5 2. Nc3 a6 3. g3 b5 4. Bg2 Bb7 5. Nge2 e6 6. O-O Nf6 7. d4 b4 8. Na4 c4 9. d5 d6 10. dxe6 fxe6 11. Nd4 Kf7 12. e5 Bxg2 13. exf6 Bxf1 14. fxg7 Bxg7 15. Qh5+ Kg8 16. Nxe6 Qd7 17. Qf5 Qxa4 18. Nxg7 Qd7 19. Ne6 Nc6 20. Kxf1 Re8 21. Qg4+ Kf7 22. Ng5+ Ke7 23. Qh4 Qf5 24. Bf4 Kd7 25. Rd1 Ne5 26. Qh6 Qg6 27. Qxg6 Nxg6 28. Rxd6+ Kc8 29. Be3 a5 30. Ra6 Kb7 31. Ra7+ Kc6 32. Rxa5 Ra8 33. Rc5+ Kd7 34. Rxc4 Rxa2 35. Rxb4 Rc8 36. c3 Ne5 37. Rb7+ Kc6 38. Rxh7 Rxb2 39. h3 Ra8 40. Kg2 Nc4 41. Bd4 Ra1 42. Rh6+ Kd5 43. Rh5 Kc6 44. Ne4 Re2 45. Rc5+ Kb7 46. Rxc4 Rxe4 47. h4 Ra5 48. Rc5 Ra6 49. h5 Re1 50. Rg5 Raa1 51. Be3 Rg1+ 52. Kf3 Rh1 53. Rg7+ Kc6 54. h6 Ra3 55. Rg6+ Kd5 56. Bd4 Rd1 57. Kg4 Rh1 58. f4 Ra2 59. Kf5 Rg2 60. g4 Rf1 61. g5 Rh2 62. Rg7 Rh4 63. Be5 Kc4 64. Rc7+ Kd3 65. h7 Rfh1 66. h8=Q Rxh8 67. Bxh8 Rxh8 68. g6 Rc8 69. Rxc8 Ke3 70. g7 Kf3 71. g8=Q Ke2 72. Qg5 Kd3 73. Qh4 Kc2 74. Qg3 Kb3 75. c4+ Kb4 76. Qe3 Ka5 77. Qc1 Kb6 78. Qb2+ Ka7 79. Rc6 Ka8 80. Ra6# 1-0


[Site "https://www.chess.com"]

[Event "Titled Tuesday Blitz June 1 2021"]
[White "Andreikin, Dmitry"]
[Black "Shyaamnikhil P"]
[WhiteFideId "4158814"]
[BlackFideId "5024218"]
[WhiteElo "2782"]
[BlackElo "2300"]
[Result "1-0"]
[Round "09"]
[TimeControl "180+1"]
[Date "2021.06.01"]
[WhiteClock "0:00:40"]
[BlackClock "0:00:13"]

1. d4 d5 2. Nf3 c6 3. Bf4 Bg4 4. Nbd2 Nd7 5. c4 e6 6. Qb3 Qb6 7. c5 Qxb3 8. axb3 a6 9. b4 Rc8 10. Nb3 Bxf3 11. exf3 f6 12. Na5 e5 13. Bg3 Rc7 14. dxe5 Nxe5 15. f4 Nf7 16. Bd3 Ngh6 17. Kd2 f5 18. Rhe1+ Kd7 19. Bh4 g6 20. Bf6 Rg8 21. f3 Bg7 22. Bxg7 Rxg7 23. Re2 Nd8 24. Rae1 Ng8 25. g4 fxg4 26. fxg4 Re7 27. Nb3 Ke8 28. Nd4 Rxe2+ 29. Rxe2+ Re7 30. g5 Rxe2+ 31. Kxe2 Ne7 32. h4 Kf7 33. f5 gxf5 34. Nxf5 Ng6 35. Ke3 Ne5 36. Nd6+ Kg7 37. Bf5 h6 38. Kf4 Ng6+ 39. Kg4 hxg5 40. Kxg5 Ne5 41. h5 Ndf7+ 42. Kf4 Nc4 43. Nxc4 dxc4 44. Bc8 Kf6 45. Bxb7 Ne5 46. Ke4 Nd3 47. Bxa6 Nxb2 48. Kd4 Kg5 49. Bxc4 Kxh5 50. b5 cxb5 51. Bxb5 Kg6 52. c6 1-0


[Site "https://www.chess.com"]

[Event "Titled Tuesday Blitz June 1 2021"]
[White "Balakrishnan, Praveen"]
[Black "Maksimenko, Viktor"]
[WhiteFideId "2064871"]
[BlackFideId "13710478"]
[WhiteElo "2237"]
[BlackElo "2269"]
[Result "1-0"]
[Round "09"]
[TimeControl "180+1"]
[Date "2021.06.01"]
[WhiteClock "0:01:15"]
[BlackClock "0:00:07"]

1. b4 e5 2. Bb2 Bxb4 3. Bxe5 Nf6 4. e3 Nc6 5. Bb2 O-O 6. Nf3 Re8 7. Be2 Bf8 8. O-O d6 9. c4 b6 10. d4 Bb7 11. Nc3 Ne7 12. Nd2 Ng6 13. d5 Bc8 14. Qb3 Bd7 15. Nb5 Bxb5 16. cxb5 Nd7 17. Qc3 Nc5 18. Nb3 Ne7 19. Bf3 Na4 20. Qd4 Nxb2 21. Qxb2 Ng6 22. Rac1 Ne5 23. Be2 Qf6 24. Qd4 Re7 25. Rc2 Rd8 26. Rfc1 Rdd7 27. Rc3 Qg6 28. f4 Ng4 29. f5 1-0


[Site "https://www.chess.com"]

[Event "Titled Tuesday Blitz June 1 2021"]
[White "Cunjalo, Faris"]
[Black "Le, Tuan Minh"]
[WhiteFideId "14410710"]
[BlackFideId "12401153"]
[WhiteElo "2234"]
[BlackElo "2450"]
[Result "0-1"]
[Round "09"]
[TimeControl "180+1"]
[Date "2021.06.01"]
[WhiteClock "0:00:01"]
[BlackClock "0:00:18"]

1. c4 c6 2. Nf3 d5 3. e3 Nf6 4. Nc3 a6 5. b3 Bg4 6. Bb2 e6 7. Be2 Nbd7 8. h3 Bh5 9. O-O Bd6 10. d4 Qe7 11. Qc2 O-O 12. Rfe1 a5 13. Rad1 Bb4 14. Rf1 Rfd8 15. Ne5 Bg6 16. Nxg6 hxg6 17. Bf3 Rac8 18. Qb1 Qf8 19. Rc1 Ba3 20. Rfd1 Bxb2 21. Qxb2 Qd6 22. g3 Ra8 23. h4 Qe7 24. Qb1 Ne8 25. Kg2 Nd6 26. Ne2 dxc4 27. bxc4 c5 28. Nf4 Rac8 29. Qb3 Rc7 30. Rc2 Rdc8 31. Rdc1 b6 32. Nd3 Qf6 33. dxc5 bxc5 34. Qc3 e5 35. Bd5 Qf5 36. Re1 e4 37. Nf4 Ne5 38. Rd1 Qg4 39. Qe1 Nf5 40. Qh1 Nf3 41. Bxe4 N3xh4+ 42. Kf1 Qxd1# 0-1


[Site "https://www.chess.com"]

[Event "Titled Tuesday Blitz June 1 2021"]
[White "Dobrov, Vladimir"]
[Black "Quintin Navarro, Alberto"]
[WhiteFideId "4136594"]
[BlackFideId "2292688"]
[WhiteElo "2614"]
[BlackElo "2289"]
[Result "1-0"]
[Round "09"]
[TimeControl "180+1"]
[Date "2021.06.01"]
[WhiteClock "0:00:20"]
[BlackClock "0:00:14"]

1. b3 d5 2. Bb2 Bg4 3. f3 Bh5 4. Nh3 f6 5. d4 e6 6. e4 dxe4 7. Nf4 Bf7 8. fxe4 Bd6 9. e5 fxe5 10. dxe5 Bb4+ 11. Nc3 Nc6 12. Bb5 Ne7 13. O-O O-O 14. Ne4 Qxd1 15. Raxd1 Rad8 16. Ng5 Bc5+ 17. Kh1 Bd4 18. Nfxe6 Bxe6 19. Nxe6 Bxb2 20. Nxd8 Rxf1+ 21. Rxf1 Nxe5 22. Ne6 h5 23. Nxc7 h4 24. Be2 g5 25. h3 N7g6 26. Nd5 Kg7 27. Bh5 Nf8 28. Rf5 Ne6 29. Bg4 Nxg4 30. hxg4 Kg6 31. Ne7+ Kg7 32. Kh2 Ba3 33. Nd5 Bd6+ 34. Kg1 Bf4 35. c3 Nc5 36. Nxf4 gxf4 37. Rxc5 1-0


[Site "https://www.chess.com"]

[Event "Titled Tuesday Blitz June 1 2021"]
[White "Golubev, Mikhail"]
[Black "Nagy, Gabor"]
[WhiteFideId "14100983"]
[BlackFideId "737119"]
[WhiteElo "2374"]
[BlackElo "2562"]
[Result "1/2-1/2"]
[Round "09"]
[TimeControl "180+1"]
[Date "2021.06.01"]
[WhiteClock "0:00:09"]
[BlackClock "0:01:03"]

1. e4 e5 2. Nf3 Nc6 3. Bb5 a6 4. Ba4 b5 5. Bb3 Na5 6. O-O d6 7. Re1 Nf6 8. c3 Nxb3 9. axb3 Be7 10. d4 exd4 11. Nxd4 Bd7 12. Qf3 O-O 13. Bg5 h6 14. Bh4 Re8 15. Nd2 Ng4 16. Bxe7 Qxe7 17. Nf5 Bxf5 18. Qxf5 Ne5 19. Re3 a5 20. Nf3 Nxf3+ 21. Rxf3 c6 22. h3 Ra7 23. Re3 g6 24. Qf4 Kg7 25. Rd1 Rd7 26. Red3 Qxe4 27. Qxe4 Rxe4 28. Rxd6 Rxd6 29. Rxd6 Re1+ 30. Kh2 Re2 31. Rxc6 Rxb2 32. Ra6 b4 33. c4 Rxf2 34. Rxa5 Rb2 35. Rb5 Rxb3 36. c5 Rc3 37. Rxb4 Rxc5 38. Rb6 h5 39. h4 Rc4 40. g3 Re4 41. Kg2 Re6 42. Rb7 Rc6 43. Ra7 Kf6 44. Rb7 Ke6 45. Ra7 f6 46. Rb7 Ra6 47. Rc7 Rd6 48. Ra7 Ke5 49. Rg7 Kf5 50. Ra7 Rd5 51. Ra4 Rb5 52. Kf3 g5 53. hxg5 fxg5 54. g4+ hxg4+ 55. Kg3 Rb3+ 56. Kg2 Re3 57. Rb4 Rf3 58. Rb5+ Kg6 59. Rb8 Rf7 60. Rc8 Rf4 61. Rg8+ Kf6 62. Rc8 Rb4 63. Rf8+ Kg7 64. Rc8 Kg6 65. Rg8+ Kh6 66. Rh8+ Kg7 67. Rc8 Re4 68. Rc6 Re3 69. Rb6 Rc3 70. Rd6 g3 71. Ra6 Kf7 72. Rd6 Ke7 73. Rb6 Re3 74. Rh6 Re6 75. Rxe6+ Kxe6 76. Kxg3 Kf5 77. Kf3 g4+ 78. Kg3 Kg5 79. Kg2 Kh4 80. Kh2 Kg5 81. Kg3 Kf5 82. Kf2 Kf4 83. Kg2 g3 84. Kg1 Kf3 85. Kf1 Kf4 86. Kg2 Kg4 87. Kg1 Kh3 88. Kh1 Kh4 89. Kg2 Kg4 90. Kg1 Kf3 91. Kf1 g2+ 92. Kg1 Kg3 1/2-1/2


[Site "https://www.chess.com"]

[Event "Titled Tuesday Blitz June 1 2021"]
[White "Hansen, Eric"]
[Black "Can, Emre"]
[WhiteFideId "2606771"]
[BlackFideId "6302181"]
[WhiteElo "2568"]
[BlackElo "2503"]
[Result "0-1"]
[Round "09"]
[TimeControl "180+1"]
[Date "2021.06.01"]
[WhiteClock "0:00:01"]
[BlackClock "0:00:16"]

1. e4 c5 2. Nf3 d6 3. Bb5+ Bd7 4. Bxd7+ Qxd7 5. c4 Nf6 6. Nc3 g6 7. d4 cxd4 8. Nxd4 Bg7 9. f3 O-O 10. Be3 Nc6 11. Nde2 a6 12. a4 e6 13. O-O Rfd8 14. Kh1 d5 15. cxd5 exd5 16. Bb6 Re8 17. exd5 Nb4 18. Qb3 Nbxd5 19. Rad1 Qe6 20. Nxd5 Nxd5 21. Rxd5 Qxe2 22. Rb1 Rac8 23. Rd7 Re6 24. a5 h5 25. Rg1 h4 26. h3 Bxb2 27. Rxb7 Be5 28. Qd1 Qc4 29. Qd7 Rd6 30. Qg4 Qxg4 31. fxg4 Rc2 32. Ra7 Rd3 33. Re1 Bg3 34. Rf1 f6 35. Rxa6 Rdd2 36. Ra8+ Kf7 37. Ra7+ Ke6 38. Ra6 Rc6 39. Ra8 Rcc2 40. Ra6 Rc6 41. Ra8 Ra2 42. Re8+ Kf7 43. Re3 Rcc2 44. Rd3 Be5 45. Bg1 Rxa5 46. Re3 Ke6 0-1


[Site "https://www.chess.com"]